 Dungeon Crawl Stone Soup version 0.31-a0-1626-g5cb510d322 (webtiles) character file.

Game seed: 202963303736865563

10007 brujo666 the Spear-Bearer (level 11, -8/86 HPs)
             Began as a Demonspawn Gladiator on Dec 3, 2023.
             Was a High Priest of Okawaru.
             Mangled by a red ugly thing (23 damage)
             ... on level 11 of the Dungeon on Jan 12, 2024.
             The game lasted 00:47:14 (10806 turns).

brujo666 the Spear-Bearer (Demonspawn Gladiator)   Turns: 10806, Time: 00:47:15

Health: -8/86      AC: 22    Str: 24    XL:     11   Next: 30%
Magic:  9/11       EV: 14    Int: 10    God:    Okawaru [*****.]
Gold:   536        SH:  4    Dex: 14    Spells: 10/10 levels left

rFire   . . .        O - +4 halberd
rCold   + . .        (shield currently unavailable)
rNeg    . . .        i - +5 chain mail of Voirch {rPois}
rPois   +            c - +0 helmet
rElec   .            E - scarf {rC+ rF+}
rCorr   +            (no gloves)
SInv    .            t - +2 pair of boots
Will    .....        (no amulet) Stlth
                     w - ring of resist corrosion
HPRegen 0.34/turn    o - +6 ring of strength
MPRegen 0.12/turn

%: no passive effects
@: heroic
A: hooves 2, large bone plates 1, wild magic 1, heat vulnerability 1
a: Renounce Religion, Heroism, Finesse, Duel


You were on level 11 of the Dungeon.
You worshipped Okawaru.
Okawaru was extremely pleased with you.
You visited 2 branches of the dungeon, and saw 12 of its levels.
You also visited: Sewer.

You collected 576 gold pieces.
You spent 40 gold pieces at shops.

Inventory:

Hand Weapons
 D - a +0 halberd
 O - a +4 halberd (weapon)
Missiles
 d - 4 throwing nets
 e - a javelin
 h - 2 curare-tipped darts (quivered)
Armour
 c - a +0 helmet (worn)
 f - a +0 cloak
 i - the +5 chain mail of Voirch (worn) {rPois}
   (You found it in a sewer)

   rPois:     It protects you from poison
 t - a +2 pair of boots (worn)
 E - a scarf of resistance (worn)
Jewellery
 o - a +6 ring of strength (right hand)
 w - a ring of resist corrosion (left hand)
 F - a ring of wizardry
 L - a +6 ring of intelligence
Talismans
 b - a beast talisman
Wands
 A - a wand of flame (39)
 J - a wand of paralysis (10)
 K - a wand of polymorph (6)
 R - a wand of mindburst (8)
Scrolls
 g - a scroll of fear
 j - a scroll of silence {unknown}
 k - 2 scrolls of revelation
 l - a scroll of enchant weapon
 n - 3 scrolls of enchant armour
 p - 2 scrolls of vulnerability
 v - 3 scrolls of teleportation
 x - a scroll of summoning {unknown}
 y - 3 scrolls of immolation
 B - a scroll of amnesia
 I - a scroll of identify
 N - 2 scrolls of fog {unknown}
 S - a scroll of poison {unknown}
Potions
 a - 2 potions of berserk rage {unknown}
 m - a potion of heal wounds
 q - 3 potions of haste
 s - a potion of resistance
 u - 3 potions of might
 z - a potion of curing
 C - 4 potions of lignification
 G - a potion of cancellation {unknown}
 H - a potion of invisibility {unknown}
 M - a potion of degeneration {unknown}
 P - a potion of ambrosia {unknown}
 Q - a potion of attraction {unknown}


   Skills:
 + Level 8.2(13.2) Fighting
 * Level 10.8(15.8) Polearms
 - Level 2.0(7.0) Throwing
 + Level 7.2(12.2) Armour
 + Level 7.9(12.9) Dodging


You had 10 spell levels left.
You didn't know any spells.
Your spell library contained the following spells:

 Spells                   Type           Power      Damage    Failure   Level
 Apportation              Tloc           0%         N/A       88%         1
 Blink                    Tloc           0%         N/A       95%         2
 Jinxbite                 Hex            0%         N/A       95%         2
 Lesser Beckoning         Tloc           0%         N/A       95%         2
 Momentum Strike          Conj/Tloc      0%         3d8       95%         2
 Scorch                   Fire           0%         2d5       95%         2
 Flame Wave               Conj/Fire      0%         2d4       100%        4
 Leda's Liquefaction      Alch/Erth      0%         N/A       100%        4
 Alistair's Intoxication  Alch           0%         N/A       100%        5
 Lee's Rapid Deconstruct  Erth           0%         3d4*      100%        5
 Bombard                  Conj/Erth      0%         9d1       100%        6
 Summon Cactus Giant      Summ           Unusable   N/A       N/A         6

Dungeon Overview and Level Annotations

Branches:
Dungeon (11/15)            Temple (1/1) D:4            Lair (0/5) D:11
  Sewer (visited)
    Orc: D:9-12

Altars:
Ashenzari
Cheibriados
Dithmenos
Fedhas
Gozag
Hepliaklqana
Kikubaaqudgha
Makhleb
Nemelex Xobeh
Okawaru
Qazlal
Ru
Sif Muna
Trog
Uskayaw
Vehumet
Wu Jian
Xom
Yredelemnul

Shops:
D:7 ?([(


Innate Abilities, Weirdness & Mutations

You have hoof-like feet.
You are partially covered in large bone plates. (SH +4)
Your spells are a little harder to cast, but a little more powerful.
You are vulnerable to heat. (rF-)


Message History

The two-headed ogre hits you with a +0 giant club.
The two-headed ogre hits you with a +0 giant spiked club!
You slash the two-headed ogre!
The two-headed ogre is severely wounded.
You barely miss the two-headed ogre.
The two-headed ogre is severely wounded.
The two-headed ogre closely misses you.
The two-headed ogre hits you with a +0 giant spiked club!
You slice the two-headed ogre!!
The two-headed ogre is almost dead.
The two-headed ogre hits you with a +0 giant club!!
The two-headed ogre barely misses you.
You slash the two-headed ogre!
You kill the two-headed ogre!
Okawaru is honoured by your kill.
You gain the combat prowess of a mighty hero.
The troll bites you! The troll claws you but does no damage.
The troll barely misses you.
You barely miss the troll. You hit the troll but do no damage.
The troll barely misses you. The troll claws you!
The troll claws you but does no damage.
You hit the troll.
The troll is lightly wounded.
The troll bites you.
* * * LOW HITPOINT WARNING * * *
The troll claws you!
* * * LOW HITPOINT WARNING * * *
The troll claws you but does no damage.
You slash the troll!
The troll is heavily wounded.
You hit the red ugly thing.
The red ugly thing is lightly wounded.
You hit the red ugly thing.
The red ugly thing is lightly wounded.
You slice the red ugly thing!!
The red ugly thing is heavily wounded.
The red ugly thing tail-slaps you.
* * * LOW HITPOINT WARNING * * *
You are engulfed in flames!!
You die...

#.......# #.......#
#....^..# .......#
......# .... ##u#
##@.# #..##
+######## ##.###
........# #....#
........#### #....#
........'..# #....#
........##.# #....#
........##.###....#
........##.[##....#


You could see a red ugly thing.

Vanquished Creatures
  2 two-headed ogres
  A death yak (D:10)
  Pikel (D:9)
  An ugly thing (D:11)
  Psyche (D:8)
  2 trolls
  A hornet (D:4)
  Sigmund (D:4)
  A shadow (D:10)
  A wraith (D:10)
  Eustachio (D:4)
  6 yaks (D:10)
  2 wyverns
  2 steam dragons
  Grum (D:8)
  Menkaure (D:5)
  An acid dragon (D:11)
  A water moccasin (D:6)
  5 orc warriors
  2 ice beasts
  2 wolves (D:8)
  3 centaurs
  A phantom (D:4)
  A lemure (D:9)
  5 kobold brigands
  Blork the orc (D:4)
  3 bullfrogs
  4 scorpions
  11 wights (D:9)
  8 killer bees
  3 howler monkeys
  4 jellies
  A hound (D:6)
  8 orc priests
  A gnoll bouda (D:7)
  3 iguanas
  6 orc wizards
  Terence (D:3)
  10 adders
  17 gnolls
  4 river rats (D:3)
  A white imp (D:6)
  2 ribbon worms (D:3)
  2 dart slugs
  28 orcs
  8 ball pythons
  7 endoplasms
  4 giant cockroaches
  6 goblins
  9 hobgoblins
  4 jackals
  4 quokkas
  9 bats
  A frilled lizard (Sewer)
  27 kobolds
  13 rats
256 creatures vanquished.

Notes
Turn   | Place    | Note
-------+----------+-------------------------------------------
     0 | D:1      | brujo666 the Demonspawn Gladiator began the quest for the
                  | Orb.
     0 | D:1      | Reached XP level 1. HP: 16/16 MP: 1/1
   114 | D:1      | Gained mutation: You are partially covered in large bone
                  | plates. (SH +4) [demonic ancestry]
   114 | D:1      | Reached XP level 2. HP: 22/22 MP: 2/2
   508 | D:1      | Found a faded altar of an unknown god.
   556 | D:1      | Reached skill level 3 in Polearms
   884 | D:2      | Reached XP level 3. HP: 28/28 MP: 3/3
  1054 | D:2      | Reached skill level 1 in Armour
  1304 | D:3      | Reached XP level 4. HP: 29/34 MP: 4/4
  1356 | D:3      | Found a glowing drain.
  1421 | Sewer    | Entered a sewer
  1512 | Sewer    | Identified the +5 chain mail of Voirch {rPois}
  1642 | Sewer    | Noticed a kobold brigand
  1661 | Sewer    | Killed a kobold brigand
  1662 | Sewer    | Reached skill level 4 in Polearms
  1662 | Sewer    | Reached XP level 5. HP: 27/41 MP: 5/5
  1782 | Sewer    | Reached XP level 6. HP: 39/47 MP: 6/6
  1929 | D:3      | Identified the +4 mace of the Ship {flame, Dex+5}
  1979 | D:3      | Noticed Terence
  1990 | D:3      | Killed Terence
  2339 | D:4      | Noticed Eustachio
  2339 | D:4      | Noticed Blork the orc
  2347 | D:4      | Killed Eustachio
  2348 | D:4      | Reached skill level 5 in Polearms
  2348 | D:4      | Gained mutation: You have large cloven feet. [demonic
                  | ancestry]
  2348 | D:4      | Reached XP level 7. HP: 53/53 MP: 7/7
  2360 | D:4      | Killed Blork the orc
  2441 | D:4      | Found a staircase to the Ecumenical Temple.
  2448 | Temple   | Entered the Ecumenical Temple
  2526 | Temple   | Became a worshipper of Warmaster Okawaru
  2586 | D:4      | Noticed Sigmund
  2630 | D:4      | Killed Sigmund
  2651 | D:4      | Noticed a hornet
  2659 | D:4      | Killed a hornet
  2659 | D:4      | Reached * piety under Okawaru
  2660 | D:4      | Reached skill level 6 in Polearms
  2660 | D:4      | Gained mutation: You have hoof-like feet. [demonic
                  | ancestry]
  2660 | D:4      | Reached XP level 8. HP: 35/61 MP: 8/8
  2660 | D:4      | Gained mutation: You are vulnerable to heat. (rF-) [potion
                  | of mutation]
  2660 | D:4      | Gained mutation: Your spells are a little harder to cast,
                  | but a little more powerful. [potion of mutation]
  3071 | D:4      | Found a sparkling altar of Nemelex Xobeh.
  3210 | D:5      | Entered Level 5 of the Dungeon
  3211 | D:5      | Found an ornate altar of the Wu Jian Council.
  3212 | D:5      | Noticed Menkaure
  3221 | D:5      | Killed Menkaure
  3222 | D:5      | Reached skill level 5 in Dodging
  3468 | D:5      | Reached skill level 5 in Fighting
  3523 | D:5      | Reached ** piety under Okawaru
  3653 | D:5      | Found a basalt altar of Yredelemnul.
  3797 | D:5      | Reached skill level 7 in Polearms
  4330 | D:5      | Found a shadowy altar of Dithmenos.
  4526 | D:6      | Reached XP level 9. HP: 64/68 MP: 9/9
  4627 | D:6      | Found a bloodstained altar of Trog.
  4737 | D:6      | Reached *** piety under Okawaru
  4797 | D:6      | Found a snail-covered altar of Cheibriados.
  4803 | D:6      | Found a hide-covered altar of Uskayaw.
  4807 | D:6      | Found an opulent altar of Gozag.
  4852 | D:6      | Noticed a moth of wrath
  5346 | D:7      | Reached skill level 5 in Armour
  5487 | D:7      | Reached skill level 8 in Polearms
  5623 | D:7      | Found Caibaor's Armour Emporium.
  5725 | D:7      | Found a sacrificial altar of Ru.
  5888 | D:7      | Found Qahugra's Magic Scroll Emporium.
  5893 | D:7      | Bought a scroll of immolation for 40 gold pieces
  5907 | D:7      | Found Rysuoth's Antique Weapon Boutique.
  6121 | D:7      | Found Etaul's Weapon Emporium.
  6548 | D:8      | Reached **** piety under Okawaru
  6637 | D:8      | Noticed Grum
  6663 | D:8      | Killed Grum
  6664 | D:8      | Reached XP level 10. HP: 34/77 MP: 10/10
  6829 | D:8      | Noticed Psyche
  6866 | D:8      | Killed Psyche
  6867 | D:8      | Reached skill level 9 in Polearms
  7998 | D:9      | Noticed Pikel
  8039 | D:9      | Killed Pikel
  8151 | D:9      | Noticed a two-headed ogre
  8157 | D:9      | Killed a two-headed ogre
  8820 | D:10     | Entered Level 10 of the Dungeon
  8841 | D:10     | Reached ***** piety under Okawaru
  9058 | D:10     | Reached skill level 10 in Polearms
  9542 | D:10     | Reached XP level 11. HP: 78/86 MP: 11/11
  9930 | D:11     | Received a gift from Okawaru
  9976 | D:11     | Found a staircase to the Lair.
  9976 | D:11     | Noticed a death yak
  9976 | D:11     | Noticed a death yak
  9977 | D:11     | Noticed a death yak
  9998 | D:10     | Killed a death yak
 10110 | D:10     | Upgraded the game from 0.31-a0-1110-gab2881137f to
                  | 0.31-a0-1626-g5cb510d322
 10113 | D:11     | Noticed a death yak
 10556 | D:11     | Noticed a red ugly thing
 10569 | D:11     | Killed a red ugly thing
 10790 | D:11     | Noticed a two-headed ogre
 10790 | D:11     | Noticed a red ugly thing
 10798 | D:11     | Killed a two-headed ogre
 10806 | D:11     | Mangled by a red ugly thing

Illustrated notes

Levels and vault maps discovered:
D:1:      lightli_arrival_flooded_house, layout_basic,
          hellmonk_ecumenical_altar_zigzags, serial_forest,
          infiniplex_forest_lined_ring, infiniplex_forest_lined_1,
          infiniplex_forest_lined_2, infiniplex_forest_clump_tiny,
          infiniplex_forest_clump_curved, infiniplex_forest_lined_room_2,
          infiniplex_forest_clump_diagonal, infiniplex_forest_end_2,
          infiniplex_forest_straight_4
D:2:      layout_rooms, kennysheep_nub
D:3:      layout_rooms, lightli_sewer_entry_pipes, uniq_terence,
          uniq_crazy_yiuf_cottage
D:4:      layout_rooms, mainiacjoe_overflow_small_starburst, temple_green,
          uniq_eustachio, uniq_sigmund, uniq_blork_the_orc
D:5:      layout_cave_pools, mainiacjoe_overflow_catwalk, old_standard_altar,
          lemuel_crystal_altar, uniq_menkaure
D:6:      layout_cave_pools, minmay_overflow_temple_star_quad, tgw_trog,
          chequers_mini_garden
D:7:      layout_basic, nicolae_overflow_crystal_walls,
          mainiacjoe_overflow_boulevard, serial_shops, nicolae_stop_n_shop_2,
          nicolae_shop_back_alley_shop, shop, shop, serial_glass,
          glass_columns_a, glass_columns_b
D:8:      layout_basic, uniq_grum, uniq_psyche
D:9:      layout_basic, uniq_pikel
D:10:     layout_irregular_city
D:11:     layout_roguey, dpeg_lair_monsters, kennysheep_path_1
Temple:   minmay_temple_forest_path

Skill      XL: |  1  2  3  4  5  6  7  8  9 10 11 |
---------------+----------------------------------+-----
Throwing       | 2 |  2.0
Polearms       | 3 4 5 6 7 8 10 | 10.8
Dodging        | 3 4 5 6 7 |  7.9
Armour         | 1 2 3 4 5 6 7 |  7.2
Fighting       | 3 4 5 6 7 8 |  8.2

Action                     |  1- 3 |  4- 6 |  7- 9 | 10-12 || total
---------------------------+-------+-------+-------+-------++-------
  Melee: Trident           |    93 |   184 |   261 |       ||   538
         Punch             |       |     2 |     4 |       ||     6
         Halberd           |       |       |   260 |   263 ||   523
         Unarmed           |       |       |       |    12 ||    12
  Throw: Dart              |     1 |     7 |    15 |     5 ||    28
 Invoke: Heroism           |       |       |       |     2 ||     2
  Evoke: Wand              |       |       |    25 |     6 ||    31
    Use: Scroll            |     1 |     2 |    13 |     2 ||    18
         Potion            |       |     1 |     2 |     3 ||     6
   Stab: Paralysed         |       |       |       |     1 ||     1
 Armour: Chain mail        |    51 |   148 |   484 |   213 ||   896
         Leather armour    |     2 |       |       |       ||     2
         Skin              |       |       |       |     6 ||     6
  Dodge: Dodged            |    35 |    62 |   336 |   155 ||   588
  Block: Other             |    18 |    24 |   107 |    42 ||   191

Table legend: (Time is in decaauts)
 A = Elapsed time spent in this place.
 B = Non-inter-level travel time spent in this place.
 C = Inter-level travel time spent in this place.
 D = Time resting spent in this place.
 E = Time spent auto-exploring this place.
 F = Levels seen in this place.
 G = Mean time per level.
                   A        B        C        D        E       F      G
               +--------+--------+--------+--------+--------+-----+--------+
         Total |  10904 |  10639 |    265 |   1322 |   6100 |  13 |  838.8 |
       Dungeon |  10333 |  10095 |    238 |   1260 |   5995 |  11 |  939.4 |
        Temple |    105 |     78 |     27 |      0 |      0 |   1 |  105.0 |
         Sewer |    465 |    465 |      0 |     62 |    105 |   1 |  465.0 |
               +--------+--------+--------+--------+--------+-----+--------+

Top non-repeatable levels by time:
    D:10: 1225 daAuts
     D:8: 1221 daAuts
     D:4: 1203 daAuts
     D:7: 1193 daAuts
     D:9: 1149 daAuts
     D:1: 845 daAuts
     D:5: 843 daAuts
     D:6: 768 daAuts
    D:11: 760 daAuts
     D:3: 667 daAuts
   Sewer: 465 daAuts
     D:2: 456 daAuts
  Temple: 105 daAuts
